| TOP OF THE 1ST |
|
Syracuse Chiefs batting - Pitching for Albuquerque Isotopes : RHP Mark Hincks
|
|
Pitching: RHP Mark Hincks
|
|
|
Batting: LHB Kevin Kantor
|
0-0: Ground out 4-3 (Groundball, 4, EV 96.9 MPH)
|
|
Batting: LHB Alexis Cantu
|
0-0: Ball 1-0: Ball 2-0: Called Strike 2-1: Ball 3-1: Foul Ball, location: 2F 3-2: Strikes out swinging
|
|
Batting: LHB Tim Olsen
|
0-0: Ground out 4-3 (Groundball, 4, EV 84.4 MPH)
|
| Top of the 1st over - 0 runs, 0 hits, 0 errors, 0 left on base; Syracuse 0 - Albuquerque 0 |
| BOTTOM OF THE 1ST |
|
Albuquerque Isotopes batting - Pitching for Syracuse Chiefs : RHP Jim Sanders
|
|
Pitching: RHP Jim Sanders
|
|
|
Batting: LHB Jason Raker
|
0-0: SINGLE (Line Drive, 56D, EV 97.5 MPH)
|
|
Batting: SHB Jamel Wright
|
Pickoff Throw to First - Out! 1-3 CS 0-0: Ball 1-0: Ball 2-0: Called Strike 2-1: Foul Ball, location: 2F 2-2: Foul Ball, location: 2F 2-2: Foul Ball, location: 2F 2-2: Ground out 6-3 (Groundball, 4MD, EV 99.4 MPH)
|
|
Batting: RHB Adrian Rudkilde
|
0-0: Foul Ball, location: 2F 0-1: Ball 1-1: Ball 2-1: Ball 3-1: Ground out 6-3 (Groundball, 6, EV 108.8 MPH)
|
| Bottom of the 1st over - 0 runs, 1 hit, 0 errors, 0 left on base; Syracuse 0 - Albuquerque 0 |
| TOP OF THE 2ND |
|
Syracuse Chiefs batting - Pitching for Albuquerque Isotopes : RHP Mark Hincks
|
|
Batting: LHB Jae-ik Soung
|
0-0: Ground out 5-3 (Groundball, 56, EV 88.1 MPH)
|
|
Batting: RHB Antonio Laurel
|
0-0: Swinging Strike 0-1: Ball 1-1: Fly out, F8 (Flyball, 8RXD, EV 86.9 MPH)
|
|
Batting: RHB Nate Dickinson
|
0-0: Ball 1-0: DOUBLE (Line Drive, 7LS, EV 105.0 MPH)
|
|
Batting: RHB Stephen Charbonneau
|
0-0: Called Strike 0-1: Called Strike 0-2: Ball 1-2: Ball 2-2: Ball 3-2: Strikes out looking
|
| Top of the 2nd over - 0 runs, 1 hit, 0 errors, 1 left on base; Syracuse 0 - Albuquerque 0 |
| BOTTOM OF THE 2ND |
|
Albuquerque Isotopes batting - Pitching for Syracuse Chiefs : RHP Jim Sanders
|
|
Batting: SHB Orlando Torres
|
0-0: Ball 1-0: Swinging Strike 1-1: Called Strike 1-2: Strikes out looking
|
|
Batting: RHB Chris King
|
0-0: SINGLE (Groundball, 56, EV 96.9 MPH)
|
|
Batting: SHB D.J. Codd
|
0-0: Ball 1-0: Ball 2-0: Fielders Choice at 2nd, 1-6 (Groundball, 13, EV 61.9 MPH)
|
|
Batting: RHB Ben Taylor
|
0-0: Ball 1-0: Swinging Strike 1-1: Fly out, F7 (Flyball, 7S, EV 77.5 MPH)
|
| Bottom of the 2nd over - 0 runs, 1 hit, 0 errors, 1 left on base; Syracuse 0 - Albuquerque 0 |
| TOP OF THE 3RD |
|
Syracuse Chiefs batting - Pitching for Albuquerque Isotopes : RHP Mark Hincks
|
|
Batting: RHB Dave Brabo
|
0-0: Ground out 6-3 (Groundball, 6, EV 98.8 MPH)
|
|
Batting: LHB Evan Oliveri
|
0-0: Ball 1-0: Ball 2-0: Called Strike 2-1: Foul Ball, location: 2F 2-2: Foul Ball, location: 2F 2-2: DOUBLE (Line Drive, 7LS, EV 94.4 MPH)
|
|
Batting: LHB Kevin Kantor
|
0-0: Foul Ball, location: 2F 0-1: Foul Ball, location: 2F 0-2: Ball 1-2: Ball 2-2: Foul Ball, location: 2F 2-2: Strikes out swinging
|
|
Batting: LHB Alexis Cantu
|
0-0: Ball 1-0: Ball 2-0: Ball 3-0: Base on Balls
|
|
Batting: LHB Tim Olsen
|
0-0: Ball 1-0: Called Strike 1-1: SINGLE (Line Drive, 7LM, EV 98.1 MPH) Evan Oliveri to third Alexis Cantu to second Runner from 3rd tries for Home, throw by LF and OUT! 7-2
|
| Top of the 3rd over - 0 runs, 2 hits, 0 errors, 2 left on base; Syracuse 0 - Albuquerque 0 |
| BOTTOM OF THE 3RD |
|
Albuquerque Isotopes batting - Pitching for Syracuse Chiefs : RHP Jim Sanders
|
|
Batting: RHB Herb McIntyre
|
0-0: Ball 1-0: SINGLE (Groundball, 6MD, EV 105.6 MPH)
|
|
Batting: RHB Jerry Sanchez
|
0-0: Ball 1-0: Called Strike 1-1: Foul Ball, location: 2F 1-2: Ball 2-2: SINGLE (Groundball, 56, EV 107.5 MPH) (infield hit) Herb McIntyre to second
|
|
Batting: LHB Jason Raker
|
0-0: Ball 1-0: Ball 2-0: Swinging Strike 2-1: Foul Ball, location: 2F 2-2: Fielders Choice at 2nd, 4-6 (Groundball, 4M, EV 81.9 MPH) Herb McIntyre to third
|
|
Batting: SHB Jamel Wright
|
0-0: Called Strike 0-1: Called Strike 0-2: Ball 1-2: Foul Ball, location: 2F 1-2: Foul Ball, location: 2F 1-2: Ball 2-2: Strikes out swinging
|
|
Batting: RHB Adrian Rudkilde
|
0-0: Ball 1-0: Ball 2-0: Ball 3-0: Base on Balls Jason Raker to second
|
|
Batting: SHB Orlando Torres
|
0-0: SINGLE (Line Drive, 78S, EV 94.4 MPH) Herb McIntyre scores Jason Raker to third Adrian Rudkilde to second Runner from 3rd tries for Home, SAFE, throw by CF to home
|
|
Batting: RHB Chris King
|
0-0: Fly out, F9 (Flyball, 89S, EV 75.6 MPH)
|
| Bottom of the 3rd over - 2 runs, 3 hits, 0 errors, 2 left on base; Syracuse 0 - Albuquerque 2 |
| TOP OF THE 4TH |
|
Syracuse Chiefs batting - Pitching for Albuquerque Isotopes : RHP Mark Hincks
|
|
Batting: LHB Jae-ik Soung
|
0-0: Called Strike 0-1: Ball 1-1: Foul Ball, location: 2F 1-2: Ball 2-2: Foul Ball, location: 2F 2-2: Ball 3-2: Base on Balls
|
|
Batting: RHB Antonio Laurel
|
0-0: Foul Ball, location: 2F 0-1: Foul Ball, location: 2F 0-2: Grounds into double play, 5-4-3 (Groundball, 5, EV 85.0 MPH)
|
|
Batting: RHB Nate Dickinson
|
0-0: Hit by Pitch
|
|
Batting: RHB Stephen Charbonneau
|
0-0: Called Strike 0-1: Ball 1-1: Called Strike Nate Dickinson steals 2nd base 1-2: Foul Ball, location: 2F 1-2: Strikes out looking
|
| Top of the 4th over - 0 runs, 0 hits, 0 errors, 1 left on base; Syracuse 0 - Albuquerque 2 |
| BOTTOM OF THE 4TH |
|
Albuquerque Isotopes batting - Pitching for Syracuse Chiefs : RHP Jim Sanders
|
|
Batting: SHB D.J. Codd
|
0-0: Swinging Strike 0-1: Ball 1-1: Ball 2-1: Called Strike 2-2: SINGLE (Groundball, 6MD, EV 107.5 MPH)
|
|
Batting: RHB Ben Taylor
|
0-0: Ball 1-0: Fielders Choice at 2nd, 6-4 (Groundball, 6M, EV 99.4 MPH)
|
|
Batting: RHB Herb McIntyre
|
0-0: Foul Ball, location: 2F 0-1: Ball 1-1: Ball 2-1: Grounds into double play, 5-4-3 (Groundball, 56S, EV 78.1 MPH)
|
| Bottom of the 4th over - 0 runs, 1 hit, 0 errors, 0 left on base; Syracuse 0 - Albuquerque 2 |
| TOP OF THE 5TH |
|
Syracuse Chiefs batting - Pitching for Albuquerque Isotopes : RHP Mark Hincks
|
|
Batting: RHB Dave Brabo
|
0-0: Foul Ball, location: 2F 0-1: Ball 1-1: Called Strike 1-2: Ball 2-2: Foul Ball, location: 2F 2-2: Strikes out swinging
|
|
Batting: LHB Evan Oliveri
|
0-0: Ball 1-0: Ball 2-0: Swinging Strike 2-1: Ball 3-1: Base on Balls
|
|
Batting: LHB Kevin Kantor
|
0-0: Ball 1-0: Ball 2-0: Fielders Choice at 2nd, 4-6 (Groundball, 4, EV 83.1 MPH)
|
|
Batting: LHB Alexis Cantu
|
0-0: Ball 1-0: Ball 2-0: Ball 3-0: Base on Balls Kevin Kantor to second
|
|
Batting: LHB Tim Olsen
|
0-0: Ball 1-0: Foul Ball, location: 2F 1-1: Ball 2-1: Ball 3-1: Base on Balls Kevin Kantor to third Alexis Cantu to second
|
|
Batting: LHB Jae-ik Soung
|
0-0: Swinging Strike 0-1: Swinging Strike 0-2: Ball 1-2: Strikes out looking
|
| Top of the 5th over - 0 runs, 0 hits, 0 errors, 3 left on base; Syracuse 0 - Albuquerque 2 |
| BOTTOM OF THE 5TH |
|
Albuquerque Isotopes batting - Pitching for Syracuse Chiefs : RHP Jim Sanders
|
|
Batting: RHB Jerry Sanchez
|
0-0: Called Strike 0-1: Called Strike 0-2: Foul Ball, location: 2F 0-2: Ball 1-2: Foul Ball, location: 2F 1-2: SINGLE (Groundball, 6D, EV 108.1 MPH)
|
|
Batting: LHB Jason Raker
|
0-0: Ball Wild Pitch! Jerry Sanchez to second 1-0: Ball 2-0: Fly out, F6 (Popup, 6, EV 56.2 MPH)
|
|
Batting: SHB Jamel Wright
|
0-0: 2-RUN HOME RUN (Flyball, 8RXD, EV 118.1 MPH), Distance : 480 ft
|
|
Batting: RHB Adrian Rudkilde
|
0-0: Swinging Strike 0-1: Ball 1-1: Ball 2-1: Ball 3-1: Called Strike 3-2: Foul Ball, location: 2F 3-2: Foul Ball, location: 2F 3-2: Foul Ball, location: 2F 3-2: Strikes out swinging
|
|
Batting: SHB Orlando Torres
|
0-0: Ball 1-0: Ground out 4-3 (Groundball, 4, EV 80.6 MPH)
|
| Bottom of the 5th over - 2 runs, 2 hits, 0 errors, 0 left on base; Syracuse 0 - Albuquerque 4 |
| TOP OF THE 6TH |
|
Syracuse Chiefs batting - Pitching for Albuquerque Isotopes : RHP Mark Hincks
|
|
Batting: RHB Antonio Laurel
|
0-0: Ball 1-0: SOLO HOME RUN (Flyball, 7D, EV 96.9 MPH), Distance : 379 ft
|
|
Batting: RHB Nate Dickinson
|
0-0: Foul Ball, location: 2F 0-1: Ball 1-1: Called Strike 1-2: DOUBLE (Flyball, 8LXD, EV 106.9 MPH)
|
|
Batting: RHB Stephen Charbonneau
|
0-0: Called Strike 0-1: Called Strike 0-2: Ground out 4-3 (Groundball, 4, EV 85.6 MPH) Nate Dickinson to third
|
|
Batting: RHB Dave Brabo
|
0-0: Called Strike 0-1: Foul Ball, location: 2F 0-2: Ball 1-2: Ground out 4-3 (Groundball, 34, EV 83.8 MPH) Nate Dickinson scores
|
|
Batting: LHB Evan Oliveri
|
0-0: SINGLE (Line Drive, 78M, EV 99.4 MPH)
|
|
Batting: LHB Kevin Kantor
|
0-0: Called Strike 0-1: Swinging Strike 0-2: Foul Ball, location: 2F 0-2: SINGLE (Groundball, 34S, EV 98.1 MPH) Evan Oliveri to second Runner from 2nd tries for 3rd, OUT! 9-5
|
| Top of the 6th over - 2 runs, 4 hits, 0 errors, 1 left on base; Syracuse 2 - Albuquerque 4 |
| BOTTOM OF THE 6TH |
|
Albuquerque Isotopes batting - Pitching for Syracuse Chiefs : RHP Jim Sanders
|
|
Batting: RHB Chris King
|
0-0: Ball 1-0: Foul Ball, location: 2F 1-1: Ball 2-1: Swinging Strike 2-2: SOLO HOME RUN (Flyball, 7D, EV 96.9 MPH), Distance : 367 ft
|
|
Pitching: RHP Dan Landry
|
|
|
Batting: SHB D.J. Codd
|
0-0: DOUBLE (Groundball, 3L, EV 105.0 MPH)
|
|
Batting: RHB Ben Taylor
|
0-0: Ball 1-0: Foul Ball, location: 2F 1-1: Foul Ball, location: 2F 1-2: Ball 2-2: Foul Ball, location: 2F 2-2: Ball 3-2: Ground out 4-3 (Groundball, 4, EV 78.1 MPH) D.J. Codd to third
|
|
Batting: RHB Herb McIntyre
|
0-0: Intentional Walk
|
|
Batting: RHB Jerry Sanchez
|
0-0: Swinging Strike 0-1: Foul Ball, location: 2F 0-2: Ball 1-2: Ground out 5-3 (Groundball, 56, EV 99.4 MPH) Herb McIntyre to second
|
|
Batting: LHB Jason Raker
|
0-0: Ball 1-0: Ball 2-0: Fly out, F9 (Flyball, 9D, EV 94.4 MPH)
|
| Bottom of the 6th over - 1 run, 2 hits, 0 errors, 2 left on base; Syracuse 2 - Albuquerque 5 |
| TOP OF THE 7TH |
|
Syracuse Chiefs batting - Pitching for Albuquerque Isotopes : RHP Mark Hincks
|
|
Pitching: RHP Josh Kenyon
|
|
|
Batting: LHB Alexis Cantu
|
0-0: Called Strike 0-1: Ball 1-1: Foul Ball, location: 2F 1-2: Strikes out swinging
|
|
Batting: LHB Tim Olsen
|
0-0: SINGLE (Line Drive, 9S, EV 101.9 MPH)
|
|
Batting: LHB Jae-ik Soung
|
0-0: Ball 1-0: Swinging Strike 1-1: Ball 2-1: SINGLE (Flyball, 8LS, EV 95.0 MPH) Tim Olsen to second Runner from 2nd tries for 3rd, OUT! 8-5
|
|
Batting: RHB Antonio Laurel
|
0-0: SINGLE (Groundball, 56, EV 110.0 MPH) Jae-ik Soung to second Runner from 2nd tries for 3rd, SAFE, throw by LF made to third
|
|
Now in LF: D.J. Codd
|
|
|
Now in CF: Vinny Estrada
|
|
|
Batting: RHB Nate Dickinson
|
0-0: Called Strike 0-1: Swinging Strike 0-2: Ball 1-2: Ball 2-2: Fly out, F7 (Flyball, 78D, EV 108.8 MPH)
|
| Top of the 7th over - 0 runs, 3 hits, 0 errors, 2 left on base; Syracuse 2 - Albuquerque 5 |
| BOTTOM OF THE 7TH |
|
Albuquerque Isotopes batting - Pitching for Syracuse Chiefs : RHP Dan Landry
|
|
Batting: SHB Jamel Wright
|
0-0: Foul Ball, location: 2F 0-1: Called Strike 0-2: Ball 1-2: SINGLE (Line Drive, 6MD, EV 96.9 MPH)
|
|
Batting: RHB Adrian Rudkilde
|
0-0: Ball 1-0: Called Strike 1-1: Called Strike 1-2: Strikes out swinging
|
|
Batting: SHB Orlando Torres
|
0-0: Called Strike 0-1: Swinging Strike 0-2: Fly out, F8 (Line Drive, 8LM, EV 96.9 MPH)
|
|
Batting: RHB Chris King
|
0-0: Foul Ball, location: 2F 0-1: Ball 1-1: DOUBLE (Line Drive, 8LD, EV 106.9 MPH) Jamel Wright to third Runner from 3rd tries for Home, SAFE, throw by CF to trailing runner, SAFE at third!
|
|
Batting: SHB D.J. Codd
|
0-0: Called Strike 0-1: Foul Ball, location: 2F 0-2: Ball 1-2: Strikes out swinging
|
| Bottom of the 7th over - 1 run, 2 hits, 0 errors, 1 left on base; Syracuse 2 - Albuquerque 6 |
| TOP OF THE 8TH |
|
Syracuse Chiefs batting - Pitching for Albuquerque Isotopes : RHP Josh Kenyon
|
|
Batting: RHB Stephen Charbonneau
|
0-0: SINGLE (Groundball, 4D, EV 105.0 MPH)
|
|
Batting: RHB Dave Brabo
|
0-0: Ball 1-0: SINGLE (Flyball, 8RS, EV 76.9 MPH) Stephen Charbonneau to second
|
|
Batting: LHB Evan Oliveri
|
0-0: Called Strike 0-1: Fielders Choice at 2nd, 5-4 (Groundball, 5, EV 80.0 MPH) Stephen Charbonneau to third
|
|
Batting: LHB Kevin Kantor
|
0-0: Ball 1-0: Ball 2-0: Ball 3-0: Fielders Choice at 2nd, 4-6 (Groundball, 34D, EV 88.1 MPH) Stephen Charbonneau scores
|
|
Batting: LHB Alexis Cantu
|
0-0: Ball 1-0: Fielders Choice at 2nd, U4 (Groundball, 4M, EV 98.1 MPH)
|
| Top of the 8th over - 1 run, 2 hits, 0 errors, 1 left on base; Syracuse 3 - Albuquerque 6 |
| BOTTOM OF THE 8TH |
|
Albuquerque Isotopes batting - Pitching for Syracuse Chiefs : RHP Dan Landry
|
|
Pitching: RHP T.J. Stahlman
|
|
|
Batting: RHB Ben Taylor
|
0-0: Called Strike 0-1: Foul Ball, location: 2F 0-2: Ball 1-2: Ball 2-2: Ground out 6-3 (Groundball, 6, EV 89.4 MPH)
|
|
Batting: RHB Herb McIntyre
|
0-0: Foul Ball, location: 2F 0-1: Foul Ball, location: 2F 0-2: Ball 1-2: Foul Ball, location: 2F 1-2: Ball 2-2: Ball 3-2: Ground out 5-3 (Groundball, 56, EV 93.1 MPH)
|
|
Batting: RHB Jerry Sanchez
|
0-0: Ground out 6-3 (Groundball, 6, EV 104.4 MPH)
|
| Bottom of the 8th over - 0 runs, 0 hits, 0 errors, 0 left on base; Syracuse 3 - Albuquerque 6 |
| TOP OF THE 9TH |
|
Syracuse Chiefs batting - Pitching for Albuquerque Isotopes : RHP Josh Kenyon
|
|
Pitching: RHP Ernie Schmutz
|
|
|
Batting: LHB Tim Olsen
|
0-0: Foul Ball, location: 2F 0-1: Swinging Strike 0-2: Ball 1-2: Ball 2-2: Ground out 1-3 (Groundball, 34S, EV 63.8 MPH)
|
|
Batting: LHB Jae-ik Soung
|
0-0: Ball 1-0: Foul Ball, location: 2F 1-1: SINGLE (Groundball, 6, EV 95.6 MPH)
|
|
Batting: RHB Antonio Laurel
|
0-0: Grounds into double play, 6-4-3 (Groundball, 6, EV 83.8 MPH)
|
| Top of the 9th over - 0 runs, 1 hit, 0 errors, 0 left on base; Syracuse 3 - Albuquerque 6 |
|